 Dungeon Crawl Stone Soup version 0.24-a0-537-g2d01d4a (webtiles) character file.

Game seed: 16313595816242086822

4230 thomd the Basher (level 10, -2/66 HPs)
             Began as a Gargoyle Fighter on Aug 16, 2019.
             Was a Priest of Makhleb.
             Slain by an orc knight
             ... wielding a +3 great sword of slicing
              (7 damage)
             ... on level 10 of the Dungeon.
             The game lasted 00:17:31 (8180 turns).

thomd the Basher (Gargoyle Fighter)                 Turns: 8180, Time: 00:17:32

Health: -2/66      AC: 18    Str: 21    XL:     10   Next: 30%
Magic:  14/14      EV:  7    Int: 10    God:    Makhleb [***...]
Gold:   526        SH:  9    Dex: 10    Spells: 9/9 levels left

rFire    . . .     SeeInvis .   p - +8 whip "Snakebite" {curare, rPois}
rCold    . . .     Gourm    .   c - +0 shield
rNeg     + . .     Faith    .   b - +1 scale mail
rPois    ∞         Spirit   .   q - +0 helmet
rElec    +         Reflect  .   u - +0 cloak
rCorr    .         Harm     .   r - +0 pair of gloves
MR       +....                  (no boots)
Stlth    ..........             (no amulet)
HPRegen  0.21/turn              k - ring of protection from magic
MPRegen  0.14/turn              (no ring)

@: no status effects
A: negative energy resistance 1, electricity resistance, unbreathing,
petrification resistance, rot immunity, AC +7
a: Minor Destruction, Lesser Servant of Makhleb, Renounce Religion


You were on level 10 of the Dungeon.
You worshipped Makhleb.
Makhleb was most pleased with you.
You were not hungry.

You visited 2 branches of the dungeon, and saw 11 of its levels.

You collected 526 gold pieces.

Inventory:

Hand Weapons
 a - a +0 morningstar
 p - the +8 whip "Snakebite" (weapon) {curare, rPois}
   (You acquired it on level 5 of the Dungeon)

   It poisons the flesh of those it strikes.
   It protects you from poison.
Armour
 b - a +1 scale mail (worn)
 c - a +0 shield (worn)
 q - a +0 helmet (worn)
 r - a +0 pair of gloves (worn)
 u - a +0 cloak (worn)
Jewellery
 k - a ring of protection from magic (left hand)
 C - an uncursed ring of flight
Wands
 m - a wand of flame (15)
 w - a wand of enslavement (10)
 A - a wand of digging (3)
Scrolls
 g - 3 scrolls of amnesia
 h - 3 scrolls of magic mapping
 l - 7 scrolls of remove curse
 v - a scroll of torment
 y - a scroll of teleportation
 z - a scroll of blinking
 D - a scroll of fear
Potions
 d - 2 potions of might
 e - 2 potions of degeneration
 i - 2 potions of magic
 j - 2 potions of agility
 n - 8 potions of curing
 o - 3 potions of heal wounds {unknown}
 s - a potion of lignification {unknown}
 t - 3 potions of cancellation {unknown}
 x - a potion of berserk rage {unknown}
 B - a potion of haste {unknown}
Comestibles
 f - 13 rations


   Skills:
 + Level 9.1 Fighting
 * Level 11.0 Maces & Flails
 - Level 3.2 Armour
 - Level 3.2 Shields
 + Level 6.5 Invocations


You had 9 spell levels left.
You didn't know any spells.
Your spell library was empty.

Dungeon Overview and Level Annotations

Branches:
Dungeon (10/15)            Temple (1/1) D:4             Orc (0/2) D:9
   Lair: D:8-11

Altars:
Ashenzari
Cheibriados
Dithmenos
Elyvilon
Fedhas
Gozag
Hepliaklqana
Kikubaaqudgha
Makhleb
Nemelex Xobeh
Okawaru
Qazlal
Ru
Sif Muna
Trog
Uskayaw
Vehumet
Wu Jian
Xom
Yredelemnul
Zin
The Shining One
Beogh

Shops:
D:4 *   D:5 =}*:   D:6 *   D:8 [

Annotations:
D:3 3 runed translucent doors, rageheart7's ghost, weakling MiMo


Innate Abilities, Weirdness & Mutations

You are resistant to torment.
Your stone body is resilient. (AC +7)
You are immune to poison.
You resist negative energy. (rN+)
You are resistant to electric shocks. (rElec)
You can survive without breathing.
You are immune to petrification.
You are immune to rotting.


Message History

The orc knight is heavily wounded.
The orc closely misses you.
You hit the orc knight.
The orc knight looks as sick as possible!
The orc knight is severely wounded.
The orc warrior no longer looks unusually strong.
The orc wizard no longer looks unusually strong.
The orc knight roars a battlecry!
The orcs go into a battle-frenzy!
You hit the orc knight.
The orc knight is lightly wounded.
The orc hits you but does no damage.
The orc knight shoots a bolt.
The bolt hits you. You block the orc knight's attack.
You hit the orc knight.
The orc knight is poisoned.
The orc knight is lightly wounded.
You closely miss the orc knight.
The orc knight is lightly wounded.
The orc knight hits you with a +3 great sword of slicing!!
* * * LOW HITPOINT WARNING * * *
You die...

########### ###.......oo. #####
##8..8..8..8.. ....#
######+###oo...........
.♣♣.######.......o)o...ooo......
..♣.#....'.....ooo#....o........
....'.####.....o@###8..8..8..8oo
....### #.......# ###o......o..
....# #.......# ###########
#'### #####+### #..# ##.# #.#
##.## ....#


You could see 3 orc knights, 2 orc warriors, an orc wizard and 2 orcs.

Vanquished Creatures
  A hornet (D:8)
  Grinder (D:3)
  A wyvern (D:8)
  A hungry ghost (D:7)
  Duvessa (D:7)
  7 orc warriors
  3 ice beasts
  A sky beast (D:7)
  3 ogres
  2 centaurs
  A big kobold (D:9)
  A gnoll sergeant (D:6)
  2 bullfrogs (D:8)
  A wyvern zombie (D:7)
  Dowan (D:7)
  A scorpion (D:4)
  3 wights
  5 howler monkeys
  4 crimson imps
  A bullfrog zombie (D:7)
  5 hounds
  4 jellies (D:9)
  4 orc priests
  A bullfrog skeleton (D:10)
  An iguana (D:8)
  9 orc wizards
  2 worker ants
  A hound zombie (D:6)
  A worker ant zombie (D:9)
  5 adders
  4 gnolls (D:6)
  5 shadow imps
  8 oozes
  3 adder zombies
  An adder skeleton (D:4)
  3 worms
  3 dart slugs
  5 leopard geckos
  48 orcs
  3 giant cockroaches
  11 goblins
  14 hobgoblins
  7 jackals
  3 quokkas
  3 bats
  2 frilled lizards
  A jackal skeleton (D:6)
  9 kobolds
  2 leopard gecko skeletons (D:5)
  A quokka skeleton (D:8)
  A quokka zombie (D:7)
  7 rats
218 creatures vanquished.

Notes
Turn   | Place    | Note
-------+----------+-------------------------------------------
     0 | D:1      | thomd the Gargoyle Fighter began the quest for the Orb.
     0 | D:1      | Reached XP level 1. HP: 14/14 MP: 1/1
   155 | D:1      | Reached XP level 2. HP: 19/19 MP: 2/2
   532 | D:2      | Reached skill level 3 in Maces & Flails
   537 | D:2      | Reached XP level 3. HP: 16/24 MP: 3/3
   803 | D:2      | You fall into a shaft and drop 1 floor!
   831 | D:3      | Reached XP level 4. HP: 27/29 MP: 4/4
  1104 | D:2      | Found a basalt altar of Yredelemnul.
  1113 | D:2      | Found a shattered altar of Ashenzari.
  1442 | D:3      | Reached skill level 4 in Maces & Flails
  1490 | D:3      | Found a runed translucent gate.
  1490 | D:3      | Found a runed translucent gate.
  1490 | D:3      | Found a runed translucent gate.
  1492 | D:3      | Noticed rageheart7's ghost (weakling MiMo)
  1518 | D:3      | Noticed Grinder
  1521 | D:3      | Paralysed by Grinder for 4 turns
  1537 | D:3      | Killed Grinder
  1537 | D:3      | Reached skill level 5 in Fighting
  1537 | D:3      | Reached skill level 5 in Maces & Flails
  1537 | D:3      | Reached XP level 5. HP: 6/35 MP: 5/5
  1537 | D:3      | Reached XP level 6. HP: 7/40 MP: 6/6
  1894 | D:3      | Found a glowing golden altar of the Shining One.
  2103 | D:3      | Found a white marble altar of Elyvilon.
  2438 | D:4      | Reached skill level 6 in Maces & Flails
  2503 | D:4      | Reached XP level 7. HP: 37/44 MP: 7/7
  2506 | D:4      | Found a staircase to the Ecumenical Temple.
  2756 | Temple   | Entered the Ecumenical Temple
  2884 | D:4      | Found Gozag's Platinum Reserve.
  3072 | D:4      | Found an opulent altar of Gozag.
  3244 | D:5      | Entered Level 5 of the Dungeon
  3248 | D:5      | Found Danic's Book Boutique.
  3309 | D:5      | Found Haoh's General Store.
  3340 | D:5      | Found a shimmering blue altar of Sif Muna.
  3393 | D:5      | Found Penem's Jewellery Shoppe.
  3750 | D:5      | Found Hexirog's Gadget Emporium.
  3960 | D:5      | Found a burning altar of Makhleb.
  3966 | D:5      | Became a worshipper of Makhleb the Destroyer
  4168 | D:5      | Identified a scroll of acquirement
  4169 | D:5      | Found the +8 whip "Snakebite" {curare, rPois}
  4247 | D:6      | Reached skill level 7 in Maces & Flails
  4251 | D:6      | Found a glowing silver altar of Zin.
  4251 | D:6      | Found a sacrificial altar of Ru.
  4255 | D:6      | Reached skill level 1 in Invocations
  4265 | D:6      | Found Doceg's Assorted Antiques.
  4314 | D:6      | Reached XP level 8. HP: 52/52 MP: 7/9
  4325 | D:6      | Found a sparkling altar of Nemelex Xobeh.
  4416 | D:6      | Found a snail-covered altar of Cheibriados.
  5218 | D:7      | Noticed Dowan
  5222 | D:7      | Noticed Duvessa
  5226 | D:7      | Killed Dowan
  5226 | D:7      | Reached skill level 8 in Maces & Flails
  5249 | D:7      | Killed Duvessa
  5249 | D:7      | Reached * piety under Makhleb
  5280 | D:7      | Found an ornate altar of the Wu Jian Council.
  5769 | D:7      | Reached XP level 9. HP: 24/57 MP: 10/12
  5785 | D:7      | Reached skill level 9 in Maces & Flails
  6593 | D:8      | Noticed a hornet
  6601 | D:8      | Killed a hornet
  6601 | D:8      | Reached skill level 5 in Invocations
  6606 | D:8      | Found Fogyuleq's Armour Boutique.
  6792 | D:8      | Reached skill level 10 in Maces & Flails
  6805 | D:8      | Reached ** piety under Makhleb
  6837 | D:8      | Found a radiant altar of Vehumet.
  7312 | D:9      | Reached XP level 10. HP: 64/65 MP: 14/14
  7385 | D:9      | Found a staircase to the Orcish Mines.
  7409 | D:9      | Reached *** piety under Makhleb
  7514 | D:9      | Found a roughly hewn altar of Beogh.
  7813 | D:9      | Reached skill level 11 in Maces & Flails
  8090 | D:10     | Entered Level 10 of the Dungeon
  8126 | D:10     | Found a runed translucent door.
  8154 | D:10     | Noticed an orc knight
  8155 | D:10     | Noticed an orc knight
  8155 | D:10     | Noticed an orc knight
  8180 | D:10     | Slain by an orc knight

Levels and vault maps discovered:
D:1:      roderic_crop_circles_arrival_small, layout_rooms
D:2:      minmay_spotlight, layout_loops_ring, amethyst_overflow_temple_binary
D:3:      layout_rooms, nicolae_overflow_crystal_walls, marbit_many_paths,
          first_ration, gammafunk_ghost_necromancy, uniq_grinder
D:4:      layout_loops_ring, nicolae_gozag_zags_fifth_avenue, temple_statues
D:5:      layout_loops_ring, lemuel_doored_altar, lemuel_blue_sif_altar,
          serial_shops, nicolae_shop_trees, shop, shop, nicolae_shop_waterfront
D:6:      layout_layer_cave, lemuel_crystal_altar, kennysheep_mini_moat,
          chequers_temple_overflow_statue_of_worship, serial_shops, shop
D:7:      layout_basic, overflow_temple_1_default, uniq_duvessa
D:8:      layout_basic, old_standard_altar, serial_shops, shop
D:9:      layout_long_grid, orc_0_dummy, special_room [special_room_orc],
          hangedman_little_slice_of_home
D:10:     layout_roguey, grunt_lair_entry_orc_guard_hut, chequers_mini_garden,
          lightli_church_of_beogh
Temple:   nicolae_temple_figure_zero

Skill      XL: |  1  2  3  4  5  6  7  8  9 10 |
---------------+-------------------------------+-----
Maces & Flails | 3 5 6 7 8 10 11 | 11.0
Fighting       | 4 5 6 7 8 9 |  9.1
Invocations    | 1 4 5 6 |  6.5
Armour         | |  3.2
Shields        | |  3.2

Action                   |  1- 3 |  4- 6 |  7- 9 | 10-12 || total
-------------------------+-------+-------+-------+-------++-------
Melee: Flail             |    99 |   180 |    87 |       ||   366
       Whip              |       |       |   254 |   150 ||   404
  Use: Scroll            |     3 |     7 |     6 |     1 ||    17
       Potion            |       |     2 |     1 |     1 ||     4
  Eat: Chunk             |       |     2 |    10 |     2 ||    14
       Ration            |       |     1 |     3 |     1 ||     5
Armor: Scale mail        |    34 |   125 |   136 |    37 ||   332
Dodge: Dodged            |    21 |    63 |    80 |    32 ||   196
Block: Shield            |    49 |    78 |   119 |    45 ||   291

Table legend:
 A = Non-vault XP
 B = Vault XP
 C = Vault XP percentage of total XP
 D = Non-vault monster count
 E = Vault monster count
 F = Vault count percentage of total count
                 A         B        C        D         E       F
            +---------+---------+-------+---------+---------+-------
      Total |    4726 |    1318 |  21.8 |     175 |      43 |  19.7
            +---------+---------+-------+---------+---------+-------
        D:1 |      27 |       0 |   0.0 |      14 |       0 |   0.0
        D:2 |      68 |       5 |   6.8 |      21 |       3 |  12.5
        D:3 |      56 |     299 |  84.2 |      19 |       2 |   9.5
        D:4 |     208 |       0 |   0.0 |      11 |       0 |   0.0
        D:5 |     319 |       0 |   0.0 |      20 |       0 |   0.0
        D:6 |     600 |       0 |   0.0 |      14 |       0 |   0.0
        D:7 |    1546 |     223 |  12.6 |      32 |       2 |   5.9
        D:8 |    1270 |       0 |   0.0 |      20 |       0 |   0.0
        D:9 |     595 |     779 |  56.7 |      23 |      32 |  58.2
       D:10 |      37 |      12 |  24.5 |       1 |       4 |  80.0
            +---------+---------+-------+---------+---------+-------
